 Dungeon Crawl Stone Soup version 0.29.0-4-gdea44cf6ec (webtiles) character file.

Game seed: 1246508564880158422

123 qw the Chopper (level 5, 0/30 HPs)
             Began as a Tengu Warper on Aug 28, 2022.
             Slain by an orc wizard
             ... wielding a +0 dagger
              (2 damage)
             ... on level 3 of the Dungeon.
             The game lasted 00:00:18 (3566 turns).

qw the Chopper (Tengu Warper)                       Turns: 3566, Time: 00:00:18

Health: 0/30       AC:  4    Str: 13    XL:     5   Next: 7%
Magic:  9/9        EV: 14    Int: 14    God:
Gold:   250        SH:  0    Dex: 13    Spells: 8/8 levels left

rFire   . . .      SeeInvis .   Y - +0 hand axe
rCold   . . .      Faith    .   (no shield)
rNeg    . . .      Spirit   .   b - +0 leather armour
rPois   .          Reflect  .   (helmet restricted)
rElec   .          Harm     .   (no cloak)
rCorr   .          Rampage  .   g - +0 pair of gloves
Will    .....                   (boots unavailable)
Stlth   +.........              (no amulet)
HPRegen 0.10/turn               (no ring)
MPRegen 0.11/turn               (no ring)

@: confused, flying quickly and evasively, quick
A: beak, talons 3, nimble flight
a: no special abilities


You were on level 3 of the Dungeon.
You visited 1 branch of the dungeon, and saw 3 of its levels.

You collected 250 gold pieces.


Innate Abilities, Weirdness & Mutations

You have a beak for a mouth.
You have claws for feet.
Your magical nature lets you fly swiftly and evasively.


   Skills:
 - Level 2.0 Fighting
 + Level 5.6 Axes
 - Level 1.0 Throwing
 - Level 1.1 Armour
 - Level 2.1 Dodging
 - Level 2.0 Spellcasting
 - Level 2.4 Translocations


You had 8 spell levels left.
You didn't know any spells.
Your spell library contained the following spells:

 Spells                   Type           Power      Damage    Failure   Level
 Blink                    Tloc           16%        N/A       17%         2
 Gell's Gravitas          Tloc           8%         N/A       34%         3
 Lesser Beckoning         Tloc           8%         N/A       34%         3
 Teleport Other           Tloc           8%         N/A       34%         3
 Manifold Assault         Tloc           8%         N/A       97%         5

Inventory:

Hand Weapons
 d - a +0 club
 Y - a +0 hand axe (weapon)
Armour
 b - a +0 leather armour (worn)
 g - a +0 pair of gloves (worn)
 k - a +0 cloak
Jewellery
 e - an amulet of reflection
Scrolls
 c - a scroll of identify {unknown}
 f - a scroll of butterflies {unknown}
Potions
 a - a potion of cancellation
 h - a potion of resistance {unknown}
 i - a potion of brilliance {unknown}
 j - a potion of curing {unknown}
 l - a potion of magic {unknown}
 m - a potion of lignification {unknown}

Dungeon Overview and Level Annotations

Branches:
Dungeon (3/15)

Altars:
Vehumet
Xom

Annotations:
D:1 2 runed translucent doors


Message History

You closely miss the orc. You barely miss something.
The orc priest calls down the wrath of Beogh upon you.
The orc wizard barely misses you. The orc hits you with a +0 short sword.
Something hits you.
You closely miss the orc wizard.
The orc wizard is almost dead.
You hit the orc. You closely miss something.
The orc hits you with a +0 short sword.
You hear some strange, mumbled words.
You are more confused.
The orc wizard hits you but does no damage.
You closely miss the orc wizard.
The orc wizard is almost dead.
You barely miss something. You miss the orc.
The orc wizard hits you but does no damage.
The orc hits you but does no damage. Something hits you.
You're too confused to move!
The orc wizard misses you. The orc closely misses you.
Something hits you but does no damage.
You hit the orc wizard but do no damage.
Your kick misses the orc wizard.
The orc wizard is almost dead.
You miss something. You hit the orc.
You kill the orc!
Something hits you but does no damage.
The orc wizard hits you but does no damage.
The orc priest calls upon Beogh to heal the orc wizard.
The orc wizard is healed somewhat.
You miss something. You peck something. You barely miss the orc wizard.
Something hits you but does no damage. The orc wizard barely misses you.
You hit the orc wizard.
The orc wizard is severely wounded.
You hit the orc priest. You closely miss something.
The orc wizard hits you with a +0 dagger.
Something hits you. The orc priest closely misses you.
You hit the orc wizard.
You kill the orc wizard!
You hit the orc priest. You barely miss something.
The orc priest closely misses you. Something hits you.
You die...

.....###.# #.#.#
.###.###.# #.#.# .#
#.#...###.#.#
.###.#..>.##.#.#
....^......%.#.#
..##.#....####.#
.......#.## #.########.
#...##.#.#####..)o...(..
....##.#.#......@{.[....
#......#.....).#########
.#..#..%......(#
#.#...####.#####
####.......# #########


You could see an orc priest.

Vanquished Creatures
  An orc wizard (D:3)
  5 adders
  2 worms
  2 dart slugs (D:3)
  3 orcs (D:3)
  9 ball pythons
  3 bats
  7 endoplasms
  4 giant cockroaches
  5 goblins
  4 hobgoblins
  4 jackals (D:2)
  3 quokkas
  5 frilled lizards
  2 kobolds
  3 rats
62 creatures vanquished.

Notes
Turn   | Place    | Note
-------+----------+-------------------------------------------
     0 | D:1      | qw the Tengu Warper began the quest for the Orb.
     0 | D:1      | Reached XP level 1. HP: 12/12 MP: 4/4
     0 | D:1      | 0 ||| qw: Version: 0.1-a-89-g26bdef1
     0 | D:1      | 0 ||| qw: Game counter: 555
     0 | D:1      | 0 ||| qw: Always use a shield: true
     0 | D:1      | 0 ||| qw: God list: Okawaru
     0 | D:1      | 0 ||| qw: Allow faded altars: false
     0 | D:1      | 0 ||| qw: Do Orc after D:15 true
     0 | D:1      | 0 ||| qw: Do second Lair branch before Depths: true
     0 | D:1      | 0 ||| qw: Lair rune preference: random
     0 | D:1      | 0 ||| qw: Plans: Normal
     0 | D:1      | 0 ||| PLANNING D:1-11
    38 | D:1      | Found a large runed translucent door.
    38 | D:1      | Found a large runed translucent door.
   126 | D:1      | Found a faded altar of an unknown god.
   191 | D:1      | Reached skill level 3 in Axes
   191 | D:1      | Reached XP level 2. HP: 15/17 MP: 6/6
   355 | D:1      | 355 ||| Stepping ~*~*~tactically~*~*~ (stealth).
  1002 | D:1      | 1002 ||| UPGRADING to +0 pair of gloves.
  1007 | D:1      | 1007 ||| READING scroll labelled XIKABBUOVO.
  1089 | D:1      | 1089 ||| READING scroll labelled GACVOTZISM.
  1090 | D:1      | 1090 ||| DROPPING scroll of blinking.
  1151 | D:2      | HP: 3/17 [worm (2)]
  1153 | D:2      | 1153 ||| STAIRDANCE
  1524 | D:2      | Reached skill level 4 in Axes
  1524 | D:2      | Reached XP level 3. HP: 21/21 MP: 7/7
  1536 | D:2      | 1536 ||| Stepping ~*~*~tactically~*~*~ (stealth).
  1658 | D:2      | 1658 ||| Stepping ~*~*~tactically~*~*~ (stealth).
  1768 | D:2      | 1768 ||| Stepping ~*~*~tactically~*~*~ (stealth).
  1882 | D:2      | Reached XP level 4. HP: 20/26 MP: 8/8
  1889 | D:2      | 1889 ||| Stepping ~*~*~tactically~*~*~ (stealth).
  2091 | D:2      | 2091 ||| Stepping ~*~*~tactically~*~*~ (stealth).
  2223 | D:2      | 2223 ||| Stepping ~*~*~tactically~*~*~ (stealth).
  2225 | D:2      | 2225 ||| Stepping ~*~*~tactically~*~*~ (stealth).
  2227 | D:2      | 2227 ||| Stepping ~*~*~tactically~*~*~ (stealth).
  2229 | D:2      | 2229 ||| Stepping ~*~*~tactically~*~*~ (stealth).
  2231 | D:2      | 2231 ||| Stepping ~*~*~tactically~*~*~ (stealth).
  2233 | D:2      | 2233 ||| Stepping ~*~*~tactically~*~*~ (stealth).
  2364 | D:2      | Found a shimmering altar of Xom.
  2419 | D:2      | 2419 ||| DROPPING ring of magical power.
  2420 | D:2      | 2420 ||| DRINKING 2 sedimented white potions.
  2438 | D:3      | 2438 ||| STAIRDANCE
  2450 | D:2      | HP: 6/26 [adder (3)]
  2452 | D:2      | Reached skill level 5 in Axes
  2792 | D:3      | 2792 ||| Stepping ~*~*~tactically~*~*~ (stealth).
  2794 | D:3      | 2794 ||| Stepping ~*~*~tactically~*~*~ (stealth).
  2862 | D:3      | Found a radiant altar of Vehumet.
  3056 | D:3      | 3056 ||| Stepping ~*~*~tactically~*~*~ (hiding).
  3158 | D:3      | 3158 ||| Stepping ~*~*~tactically~*~*~ (hiding).
  3386 | D:3      | Gained mutation: Your magical nature lets you fly swiftly
                  | and evasively. [Tengu growth]
  3386 | D:3      | Reached XP level 5. HP: 30/30 MP: 9/9
  3560 | D:3      | HP: 6/30 [orc/+0 short sword (2)]
  3565 | D:3      | HP: 3/30 [orc wizard/+0 dagger (2)]
  3566 | D:3      | Slain by an orc wizard

Levels and vault maps discovered:
D:1:      erik_arrival_cave_to_civilisation [erik_arrival_cave_to_temple],
          layout_basic, basic_ecumenical_altar
D:2:      layout_rooms, basic_altar
D:3:      layout_loops_ring, nzn_hepliaklqana_mist_gate, vehumet_crystals,
          kennysheep_generic_room_8

Skill      XL: |  1  2  3  4 |
---------------+-------------+-----
Axes           | 3 4 5 |  5.6
Fighting       | |  2.0
Throwing       | |  1.0
Armour         | |  1.1
Dodging        | |  2.1
Spellcasting   | |  2.0
Translocations | |  2.4

Action                   |  1- 3 |  4- 6 || total
-------------------------+-------+-------++-------
Melee: Hand axe          |    77 |    94 ||   171
       Kick              |    15 |    27 ||    42
       Punch             |     3 |       ||     3
       Peck              |    10 |    11 ||    21
Throw: Boomerang         |     7 |       ||     7
  Use: Scroll            |     2 |       ||     2
       Potion            |       |     1 ||     1
Armor: Leather armour    |    15 |    26 ||    41
Dodge: Dodged            |    41 |    52 ||    93

Table legend:
 A = Non-vault XP
 B = Vault XP
 C = Vault XP percentage of total XP
 D = Non-vault monster count
 E = Vault monster count
 F = Vault count percentage of total count
                 A         B        C        D         E       F
            +---------+---------+-------+---------+---------+-------
      Total |     209 |       3 |   1.4 |      60 |       2 |   3.2
            +---------+---------+-------+---------+---------+-------
        D:1 |      22 |       3 |  12.0 |      12 |       2 |  14.3
        D:2 |     102 |       0 |   0.0 |      31 |       0 |   0.0
        D:3 |      85 |       0 |   0.0 |      17 |       0 |   0.0
            +---------+---------+-------+---------+---------+-------
